NYP
STATE COLLEGE SPIKES @ WEST VIRGINIA BLACK BEARS
09/13/2048
 
TOP OF THE 1ST
State College Spikes batting - Pitching for West Virginia Black Bears : RHP Pete Griesser
Pitching: RHP Pete Griesser
Batting: RHB Bobby Miles 0-0: Ball
1-0: Foul Ball, location: 2F
1-1: Ball
2-1: Foul Ball, location: 2F
2-2: Strikes out looking
Batting: RHB Robby Hickman 0-0: Called Strike
0-1: Swinging Strike
0-2: Strikes out swinging
Batting: RHB Josh Broome 0-0: Ball
1-0: Ball
2-0: Called Strike
2-1: Foul Ball, location: 2F
2-2: Ball
3-2: Base on Balls
Batting: RHB Kyle Burns 0-0: Ball
Josh Broome steals 2nd, throwing error, E2
Josh Broome to third
1-0: Ground out 5-3 (Groundball, 56, EV 83.1 MPH)
Top of the 1st over - 0 runs, 0 hits, 1 error, 1 left on base; State College 0 - West Virginia 0
BOTTOM OF THE 1ST
West Virginia Black Bears batting - Pitching for State College Spikes : RHP Eugene Stott
Pitching: RHP Eugene Stott
Batting: RHB Melvin Durland 0-0: Ball
1-0: Ball
2-0: Called Strike
2-1: Called Strike
2-2: SINGLE (Groundball, 6M, EV 107.5 MPH) (infield hit)
Batting: RHB Dave Fredericks 0-0: Called Strike
0-1: Ball
1-1: Foul Ball, location: 2F
1-2: TRIPLE (Line Drive, 89XD, EV 106.2 MPH)
Melvin Durland scores
Batting: RHB Alain Marquet 0-0: SINGLE (Line Drive, 9LS, EV 103.1 MPH)
Dave Fredericks scores
Batting: LHB Norm Silveira-Wray 0-0: Ball
1-0: Ball
2-0: Ball
3-0: Called Strike
3-1: Base on Balls
Alain Marquet to second
Batting: SHB Don Hauk 0-0: Ball
1-0: Foul Ball, location: 2F
1-1: Swinging Strike
1-2: Ball
2-2: SINGLE (Line Drive, 56, EV 106.2 MPH)
Alain Marquet to third
Norm Silveira-Wray to second
Batting: RHB Chris Beckham 0-0: Foul Ball, location: 2F
0-1: SINGLE (Line Drive, 9S, EV 90.6 MPH)
Alain Marquet scores
Norm Silveira-Wray to third
Don Hauk to second
Batting: RHB Brian Moore 0-0: Swinging Strike
0-1: Ball
1-1: Ball
2-1: Foul Ball, location: 2F
2-2: Foul Ball, location: 2F
2-2: Strikes out swinging
Batting: RHB Terry Sutherland 0-0: Called Strike
0-1: Ball
1-1: Ball
Passed Ball!
Norm Silveira-Wray scores
Don Hauk to third
Chris Beckham to second
2-1: Ball
3-1: Foul Ball, location: 2F
3-2: Foul Ball, location: 2F
3-2: Base on Balls
Batting: RHB Bob Raine 0-0: Called Strike
0-1: Ball
1-1: Grounds into fielders choice U2 (Groundball, 2L, EV 60.0 MPH)
Chris Beckham to third
Terry Sutherland to second
Batting: RHB Melvin Durland 0-0: Called Strike
0-1: Ball
1-1: Ball
2-1: Ball
3-1: Called Strike
3-2: Strikes out looking
Bottom of the 1st over - 4 runs, 5 hits, 0 errors, 3 left on base; State College 0 - West Virginia 4
TOP OF THE 2ND
State College Spikes batting - Pitching for West Virginia Black Bears : RHP Pete Griesser
Batting: LHB Keith Rice 0-0: Reached on error, E6 (Groundball, 6M, EV 82.5 MPH)
Batting: RHB Edgar Landim 0-0: Reached on error, E5 (Groundball, 56, EV 80.6 MPH)
Keith Rice to third
Batting: SHB Jorge Brito 0-0: Ball
1-0: Ball
2-0: Foul Ball, location: 2F
2-1: Foul Ball, location: 2F
2-2: Strikes out looking
Batting: RHB Alex Melgoza 0-0: Called Strike
0-1: Foul Ball, location: 2F
0-2: Strikes out swinging
Batting: RHB Ben Politi 0-0: Called Strike
0-1: DOUBLE (Flyball, 8RXD, EV 110.0 MPH)
Keith Rice scores
Edgar Landim to third
Batting: RHB Bobby Miles 0-0: Ball
1-0: Called Strike
1-1: Swinging Strike
1-2: Ball
2-2: Strikes out swinging
Top of the 2nd over - 1 run, 1 hit, 2 errors, 2 left on base; State College 1 - West Virginia 4
BOTTOM OF THE 2ND
West Virginia Black Bears batting - Pitching for State College Spikes : RHP Eugene Stott
Batting: RHB Dave Fredericks 0-0: Called Strike
0-1: Called Strike
0-2: SINGLE (Groundball, 6MD, EV 99.4 MPH)
Batting: RHB Alain Marquet 0-0: Ball
1-0: Foul Ball, location: 2F
1-1: Foul Ball, location: 2F
1-2: Strikes out swinging
Batting: LHB Norm Silveira-Wray 0-0: Called Strike
0-1: Foul Ball, location: 2F
0-2: Ball
1-2: Foul Ball, location: 2F
Balk!
Dave Fredericks to second
1-2: Fly out, F8 (Flyball, 8LXD, EV 103.8 MPH)
Runner from 2nd tags up, SAFE at 3rd, no throw by CF
Batting: SHB Don Hauk 0-0: Foul Ball, location: 2F
0-1: Fly out, F4 (Flyball, 4MD, EV 88.8 MPH)
Bottom of the 2nd over - 0 runs, 1 hit, 0 errors, 1 left on base; State College 1 - West Virginia 4
TOP OF THE 3RD
State College Spikes batting - Pitching for West Virginia Black Bears : RHP Pete Griesser
Batting: RHB Robby Hickman 0-0: Foul Ball, location: 2F
0-1: Ball
1-1: Ball
2-1: Fly out, F9 (Flyball, 9D, EV 95.0 MPH)
Batting: RHB Josh Broome 0-0: Ground out 3-1 (Groundball, 34, EV 86.9 MPH)
Batting: RHB Kyle Burns 0-0: Called Strike
0-1: Ball
1-1: Foul Ball, location: 2F
1-2: Strikes out swinging
Top of the 3rd over - 0 runs, 0 hits, 0 errors, 0 left on base; State College 1 - West Virginia 4
BOTTOM OF THE 3RD
West Virginia Black Bears batting - Pitching for State College Spikes : RHP Eugene Stott
Batting: RHB Chris Beckham 0-0: Foul Ball, location: 2F
0-1: Swinging Strike
0-2: Foul Ball, location: 2F
0-2: Ball
1-2: Ball
2-2: Ball
3-2: Foul Ball, location: 2F
3-2: Base on Balls
Batting: RHB Brian Moore 0-0: Foul Ball, location: 2F
0-1: Swinging Strike
0-2: Ball
1-2: Strikes out looking
Batting: RHB Terry Sutherland 0-0: Grounds into double play, 6-4-3 (Groundball, 56, EV 90.6 MPH)
Bottom of the 3rd over - 0 runs, 0 hits, 0 errors, 0 left on base; State College 1 - West Virginia 4
TOP OF THE 4TH
State College Spikes batting - Pitching for West Virginia Black Bears : RHP Pete Griesser
Batting: LHB Keith Rice 0-0: Called Strike
0-1: Ground out 5-3 (Groundball, 56, EV 98.1 MPH)
Batting: RHB Edgar Landim 0-0: Ball
1-0: Ball
2-0: Ball
3-0: Base on Balls
Batting: SHB Jorge Brito 0-0: Fielders Choice at 2nd, 4-6 (Groundball, 4, EV 78.1 MPH)
Batting: RHB Alex Melgoza 0-0: Swinging Strike
0-1: Foul Ball, location: 2F
0-2: Strikes out swinging
Top of the 4th over - 0 runs, 0 hits, 0 errors, 1 left on base; State College 1 - West Virginia 4
BOTTOM OF THE 4TH
West Virginia Black Bears batting - Pitching for State College Spikes : RHP Eugene Stott
Batting: RHB Bob Raine 0-0: Ball
1-0: Ball
2-0: SINGLE (Line Drive, 5D, EV 96.2 MPH)
Batting: RHB Melvin Durland 0-0: Ball
1-0: Called Strike
1-1: Foul Ball, location: 2F
1-2: Foul Ball, location: 2F
1-2: Ball
2-2: Foul Ball, location: 2F
2-2: Strikes out swinging
Batting: RHB Dave Fredericks 0-0: Ball
1-0: Ball
2-0: Ball
Wild Pitch!
Bob Raine to second
3-0: Called Strike
3-1: Base on Balls
Batting: RHB Alain Marquet 0-0: Ball
1-0: Ball
2-0: Ball
3-0: Base on Balls
Bob Raine to third
Dave Fredericks to second
Batting: LHB Norm Silveira-Wray 0-0: Ball
Wild Pitch!
Bob Raine scores
Dave Fredericks to third
Alain Marquet to second
1-0: Called Strike
1-1: Ground out 4-3 (Groundball, 4, EV 104.4 MPH)
Dave Fredericks scores
Alain Marquet to third
Pitching: RHP T.J. Stahlman
Batting: SHB Don Hauk 0-0: Called Strike
0-1: Ground out U3 (Groundball, 3L, EV 106.9 MPH)
Bottom of the 4th over - 2 runs, 1 hit, 0 errors, 1 left on base; State College 1 - West Virginia 6
TOP OF THE 5TH
State College Spikes batting - Pitching for West Virginia Black Bears : RHP Pete Griesser
Batting: RHB Ben Politi 0-0: Ball
1-0: Fly out, F9 (Flyball, 89M, EV 96.9 MPH)
Batting: RHB Bobby Miles 0-0: Foul Ball, location: 2F
0-1: DOUBLE (Line Drive, 9LM, EV 102.5 MPH)
Batting: RHB Robby Hickman 0-0: Foul Ball, location: 2F
0-1: Ball
1-1: Foul Ball, location: 2F
1-2: Strikes out swinging
Batting: RHB Josh Broome 0-0: Ball
1-0: Swinging Strike
1-1: Swinging Strike
1-2: Ground out 6-3 (Groundball, 6, EV 91.2 MPH)
Top of the 5th over - 0 runs, 1 hit, 0 errors, 1 left on base; State College 1 - West Virginia 6
BOTTOM OF THE 5TH
West Virginia Black Bears batting - Pitching for State College Spikes : RHP T.J. Stahlman
Batting: RHB Chris Beckham 0-0: Called Strike
0-1: Ball
1-1: Ground out U3 (Groundball, 34S, EV 86.2 MPH)
Batting: RHB Brian Moore 0-0: Fly out, F3 (Line Drive, 3L, EV 67.5 MPH)
Batting: RHB Terry Sutherland 0-0: Called Strike
0-1: Ball
1-1: Ball
2-1: Called Strike
2-2: Fly out, F4 (Popup, 4, EV 60.0 MPH)
Bottom of the 5th over - 0 runs, 0 hits, 0 errors, 0 left on base; State College 1 - West Virginia 6
TOP OF THE 6TH
State College Spikes batting - Pitching for West Virginia Black Bears : RHP Pete Griesser
Batting: RHB Kyle Burns 0-0: Called Strike
0-1: Swinging Strike
0-2: Strikes out swinging
Batting: LHB Keith Rice 0-0: Called Strike
0-1: Ball
1-1: Ball
2-1: SINGLE (Line Drive, 9LS, EV 91.2 MPH)
Batting: RHB Edgar Landim 0-0: Fielders Choice at 2nd, 5-4 (Groundball, 5, EV 90.0 MPH)
Batting: SHB Jorge Brito 0-0: Called Strike
0-1: Ball
Wild Pitch!
Edgar Landim to second
1-1: Ball
2-1: Foul Ball, location: 2F
2-2: Ball
3-2: Foul Ball, location: 2F
3-2: Base on Balls
Pitching: LHP Juan Villegas
Batting: RHB Alex Melgoza 0-0: Ball
1-0: Called Strike
1-1: SINGLE (Groundball, 56D, EV 96.9 MPH)
Edgar Landim to third
Jorge Brito to second
Runner from 3rd tries for Home, SAFE, throw by LF to home
Batting: RHB Ben Politi 0-0: Ball
1-0: Ball
2-0: Ball
3-0: Called Strike
3-1: Base on Balls
Jorge Brito to third
Alex Melgoza to second
Batting: RHB Bobby Miles 0-0: Foul Ball, location: 2F
0-1: Ball
1-1: Ball
2-1: Swinging Strike
2-2: Strikes out swinging
Top of the 6th over - 1 run, 2 hits, 0 errors, 3 left on base; State College 2 - West Virginia 6
BOTTOM OF THE 6TH
West Virginia Black Bears batting - Pitching for State College Spikes : RHP T.J. Stahlman
Batting: RHB Bob Raine 0-0: Ball
1-0: Fly out, F9 (Flyball, 9LM, EV 86.2 MPH)
Batting: RHB Melvin Durland 0-0: Called Strike
0-1: Called Strike
0-2: Strikes out looking
Batting: RHB Dave Fredericks 0-0: Ball
1-0: Ball
2-0: Ball
3-0: Foul Ball, location: 2F
3-1: Called Strike
3-2: Foul Ball, location: 2F
3-2: Strikes out swinging
Bottom of the 6th over - 0 runs, 0 hits, 0 errors, 0 left on base; State College 2 - West Virginia 6
TOP OF THE 7TH
State College Spikes batting - Pitching for West Virginia Black Bears : LHP Juan Villegas
Now at 1B: Dustin Herman
Now at 3B: Alain Marquet
Batting: RHB Robby Hickman 0-0: Called Strike
0-1: Fly out, F4 (Popup, 4, EV 68.8 MPH)
Batting: RHB Josh Broome 0-0: SINGLE (Groundball, 56, EV 105.0 MPH) (infield hit)
Batting: RHB Kyle Burns 0-0: Ball
Josh Broome steals 2nd, throwing error, E2
Josh Broome to third
1-0: Fly out, F7 (Line Drive, 7S, EV 92.5 MPH)
Batting: LHB Keith Rice 0-0: Ball
1-0: Called Strike
1-1: Ball
2-1: Ball
3-1: Base on Balls
Batting: RHB Edgar Landim 0-0: Ball
1-0: Ball
2-0: Ball
3-0: Base on Balls
Keith Rice to second
Batting: SHB Jorge Brito 0-0: Called Strike
0-1: Ball
1-1: Called Strike
1-2: Ball
2-2: Ball
3-2: Strikes out swinging
Top of the 7th over - 0 runs, 1 hit, 1 error, 3 left on base; State College 2 - West Virginia 6
BOTTOM OF THE 7TH
West Virginia Black Bears batting - Pitching for State College Spikes : RHP T.J. Stahlman
Batting: RHB Alain Marquet 0-0: Fly out, F9 (Flyball, 9S, EV 89.4 MPH)
Batting: LHB Norm Silveira-Wray 0-0: Ball
1-0: Called Strike
1-1: Called Strike
1-2: Foul Ball, location: 2F
1-2: Ball
2-2: Strikes out swinging
Batting: SHB Don Hauk 0-0: Swinging Strike
0-1: Foul Ball, location: 2F
0-2: Strikes out looking
Bottom of the 7th over - 0 runs, 0 hits, 0 errors, 0 left on base; State College 2 - West Virginia 6
TOP OF THE 8TH
State College Spikes batting - Pitching for West Virginia Black Bears : LHP Juan Villegas
Pitching: RHP Ian Ferrara
Batting: RHB Alex Melgoza 0-0: Ball
1-0: Swinging Strike
1-1: Swinging Strike
1-2: Strikes out swinging
Batting: RHB Ben Politi 0-0: Swinging Strike
0-1: Swinging Strike
0-2: Ball
1-2: Strikes out swinging
Batting: RHB Bobby Miles 0-0: Called Strike
0-1: Swinging Strike
0-2: SINGLE (Groundball, 34S, EV 72.5 MPH) (infield hit)
Batting: RHB Robby Hickman 0-0: Foul Ball, location: 2F
0-1: Ball
Wild Pitch!
Bobby Miles to second
1-1: Ground out 6-3 (Groundball, 6, EV 108.8 MPH)
Top of the 8th over - 0 runs, 1 hit, 0 errors, 1 left on base; State College 2 - West Virginia 6
BOTTOM OF THE 8TH
West Virginia Black Bears batting - Pitching for State College Spikes : RHP T.J. Stahlman
Batting: RHB Chris Beckham 0-0: Ball
1-0: Ground out 4-3 (Groundball, 4, EV 96.9 MPH)
Batting: LHB Dustin Herman 0-0: Foul Ball, location: 2F
0-1: Ball
1-1: Ball
2-1: Called Strike
2-2: Strikes out looking
Batting: RHB Terry Sutherland 0-0: Ball
1-0: Fly out, F8 (Flyball, 8LM, EV 73.1 MPH)
Bottom of the 8th over - 0 runs, 0 hits, 0 errors, 0 left on base; State College 2 - West Virginia 6
TOP OF THE 9TH
State College Spikes batting - Pitching for West Virginia Black Bears : RHP Ian Ferrara
Now at 1B: Aito Harada
Batting: RHB Josh Broome 0-0: Ball
1-0: Ball
2-0: Called Strike
2-1: Foul Ball, location: 2F
2-2: DOUBLE (Line Drive, 9LM, EV 105.6 MPH)
Pitching: RHP Pat Hall
Batting: RHB Kyle Burns 0-0: Called Strike
0-1: Foul Ball, location: 2F
0-2: Strikes out looking
Batting: LHB Keith Rice 0-0: Called Strike
0-1: Ball
1-1: Ground out 6-3 (Groundball, 6, EV 103.8 MPH)
Batting: RHB Edgar Landim 0-0: Foul Ball, location: 2F
0-1: Ball
1-1: Foul Ball, location: 2F
1-2: Ball
2-2: Foul Ball, location: 2F
2-2: Ball
3-2: Strikes out swinging
Top of the 9th over - 0 runs, 1 hit, 0 errors, 1 left on base; State College 2 - West Virginia 6
Tuesday, March 28th , 2023 - OOTP Baseball 23.10 Build 110